 Dungeon Crawl Stone Soup version 0.21.0 (webtiles) character file.

160 Suckerboh the Ruffian (level 5, -19/52 HPs)
             Began as a Troll Monk on Jan 7, 2018.
             Demolished by an ogre
             ... wielding a +0 giant club
              (29 damage)
             ... on level 4 of the Dungeon.
             The game lasted 00:03:22 (2132 turns).

Suckerboh the Ruffian (Troll Monk)                  Turns: 2132, Time: 00:03:22

Health: -19/52     AC:  5    Str: 19    XL:     5   Next: 17%
Magic:  4/4        EV: 11    Int:  6    God:
Gold:   153        SH:  0    Dex: 13    Spells: 4/4 levels left

rFire    . . .     SeeInvis .     - Unarmed
rCold    . . .     Gourm    +   (no shield)
rNeg     + . .     Faith    .   a - +0 robe
rPois    .         Spirit   .   (helmet restricted)
rElec    .         Reflect  .   (no cloak)
rCorr    .         Harm     .   (gloves unavailable)
MR       .....                  (boots unavailable)
Stlth    ++........             (no amulet)
HPRegen  0.57/turn              d - ring of positive energy
MPRegen  0.09/turn              (no ring)

@: no status effects
A: large, unfitting armour, claws 3, fast metabolism 3, gourmand, regeneration
1, shaggy fur 1, tough skin 2
a: no special abilities


You were on level 4 of the Dungeon.
You were completely stuffed.

You visited 1 branch of the dungeon, and saw 4 of its levels.

You collected 153 gold pieces.

Inventory:

Armour
 a - a +0 robe (worn)
Jewellery
 d - a ring of positive energy (left claw)
 i - an uncursed ring of flight {unknown}
 m - a +4 amulet of reflection {unknown}
Scrolls
 h - a scroll of identify {unknown}
 k - a scroll of amnesia {unknown}
 o - 2 scrolls of magic mapping {unknown}
 p - 3 scrolls of teleportation {unknown}
Potions
 c - 4 potions of brilliance {unknown}
 e - a potion of flight {unknown}
 f - a potion of heal wounds {unknown}
 g - a potion of curing {unknown}
 j - 2 potions of berserk rage {unknown}
 l - a potion of lignification {unknown}
 n - 2 potions of agility {unknown}
 q - a potion of degeneration {unknown}
Comestibles
 b - 4 rations
 r - 4 chunks of flesh


   Skills:
 + Level 2.8 Fighting
 + Level 3.0 Dodging
 - Level 1.0 Stealth
 * Level 5.2 Unarmed Combat


You had 4 spell levels left.
You didn't know any spells.

Dungeon Overview and Level Annotations

Branches:
Dungeon (4/15)
 Temple: D:4-7

Altars:
Dithmenos
Nemelex Xobeh
Trog
Xom

Annotations:
D:3 Purgy


Innate Abilities, Weirdness & Mutations

You are too large for most types of armour.
You have claws for hands.
Your metabolism is lightning-fast.
You like to eat raw meat.
Your natural rate of healing is unusually fast.
You are covered in fur. (AC +1)
You have very tough skin. (AC +2)


Message History

An ogre is nearby!
An ogre is nearby!
An ogre is nearby!
You claw the ogre!
The ogre is moderately wounded.
The ogre hits you with a giant club!
You claw the ogre!
The ogre is heavily wounded.
You scratch the ogre.
The ogre is severely wounded.
The ogre hits you with a giant club!
You barely miss the ogre.
The ogre is severely wounded.
The ogre hits you with a giant club!!
* * * LOW HITPOINT WARNING * * *
You barely miss the ogre.
The ogre is severely wounded.
The ogre hits you with a giant club!!
Ouch! That really hurt!
You die...

..#....####.##.####
.## .............#.†#
#
.......##...######..#
# ....##
#...#.......# #
....## #...#.#####.#
# #...(#####..# #.#
#....## #.######.#
#...O.###.#......#
#.@.......)....#
####.#<...)....###
#.................#
................####
..#..............# #
#...............#
..........#####..#
.#........# #...
#........# ...


You could see an ogre.

Vanquished Creatures
  An orc priest (D:4)
  3 gnolls (D:2)
  2 adders (D:3)
  2 worms
  2 dart slugs
  A leopard gecko (D:4)
  4 orcs
  3 giant cockroaches
  8 goblins
  10 hobgoblins
  A ball python (D:3)
  13 bats
  3 frilled lizards
  9 kobolds
  9 rats
71 creatures vanquished.

Notes
Turn   | Place    | Note
-------+----------+-------------------------------------------
     0 | D:1      | Suckerboh the Troll Monk began the quest for the Orb.
     0 | D:1      | Reached XP level 1. HP: 22/22 MP: 0/0
    85 | D:1      | Reached XP level 2. HP: 29/29 MP: 1/1
   439 | D:1      | Reached XP level 3. HP: 36/36 MP: 2/2
   805 | D:2      | Reached skill level 4 in Unarmed Combat
   832 | D:2      | Reached XP level 4. HP: 38/44 MP: 3/3
  1492 | D:3      | Found a bloodstained altar of Trog.
  1540 | D:3      | Found a sparkling altar of Nemelex Xobeh.
  1581 | D:3      | Found a shadowy altar of Dithmenos.
  1602 | D:3      | Noticed Purgy
  1847 | D:3      | Found a shattered altar of Ashenzari.
  1849 | D:3      | Found a shimmering altar of Xom.
  1849 | D:3      | Found a shimmering altar of Xom.
  1853 | D:3      | Found a glowing golden altar of the Shining One.
  1853 | D:3      | Found a shimmering altar of Xom.
  1853 | D:3      | Found a sparkling altar of Nemelex Xobeh.
  2026 | D:4      | Reached skill level 5 in Unarmed Combat
  2026 | D:4      | Reached XP level 5. HP: 30/52 MP: 4/4
  2123 | D:4      | Noticed an ogre
  2132 | D:4      | Demolished by an ogre

Skill      XL: |  1  2  3  4 |
---------------+-------------+-----
Unarmed Combat | 4 5 |  5.2
Dodging        | 3 |  3.0
Fighting       | |  2.8
Stealth        | |  1.0

Action                   |  1- 3 |  4- 6 || total
-------------------------+-------+-------++-------
Melee: Unarmed           |    82 |    90 ||   172
       Punch             |     1 |     2 ||     3
 Stab: Sleeping          |     5 |     5 ||    10
  Eat: Chunk             |     6 |    19 ||    25
Armor: Robe              |    29 |    32 ||    61
Dodge: Dodged            |    46 |    38 ||    84
